 Dungeon Crawl Stone Soup version 0.29.0-13-gc9e81de378 (webtiles) character file.

Game seed: 3532699706414829234

196 xian the Ducker (level 5, -6/75 HPs)
             Began as a Troll Gladiator on Sept 10, 2022.
             Mangled by Menkaure (13 damage)
             ... on level 4 of the Dungeon.
             The game lasted 00:07:13 (2652 turns).

xian the Ducker (Troll Gladiator)                   Turns: 2652, Time: 00:07:14

Health: -6/75      AC: 22    Str: 24    XL:     5   Next: 46%
Magic:  4/4        EV:  1    Int:  4    God:
Gold:   165        SH:  0    Dex: 11    Spells: 4/4 levels left

rFire   + . .      SeeInvis .   g - +1 dagger (speed)
rCold   + . .      Faith    .   (no shield)
rNeg    . . .      Spirit   .   (body armour currently unavailable)
rPois   +          Reflect  .   (helmet currently unavailable)
rElec   +          Harm     .   (cloak currently unavailable)
rCorr   +          Rampage  .   (gloves unavailable)
Will    .....      NoTele   +   (boots unavailable)
Stlth   +.........              (no amulet)
HPRegen 1.02/turn               m - ring of flight
MPRegen 0.09/turn               (no ring)

@: tree-form, resistant
A: stationary, stasis, torment immunity, boosted hp, large, unfitting armour,
(claws 3), regeneration 1, (shaggy fur 1), (tough skin 1)
a: no special abilities


You were on level 4 of the Dungeon.
You were a tree.
You visited 1 branch of the dungeon, and saw 4 of its levels.

You collected 165 gold pieces.

Inventory:

Hand Weapons
 a - a +0 flail
 g - a +1 dagger of speed (weapon)
 k - a +0 sling of flaming
Missiles
 d - 2 throwing nets
 r - 23 stones
 s - 10 poisoned darts (quivered)
Armour
 b - a +0 robe (melded)
 c - a +2 hat (melded)
Jewellery
 m - a ring of flight (left branch)
Scrolls
 h - 3 scrolls of identify
 i - 2 scrolls of blinking {unknown}
 l - 2 scrolls of teleportation
 n - a scroll of brand weapon {unknown}
 o - a scroll of noise {unknown}
 u - 2 scrolls of magic mapping
 x - a scroll of acquirement {unknown}
Potions
 f - 3 potions of lignification
 j - a potion of might {unknown}
 p - a potion of ambrosia {unknown}
 q - a potion of degeneration {unknown}
 t - a potion of berserk rage {unknown}
 v - 2 potions of resistance
 w - a potion of attraction {unknown}


   Skills:
 + Level 2.4 Fighting
 + Level 2.3 Short Blades
 + Level 3.0 Maces & Flails
 * Level 2.4 Throwing
 + Level 3.2 Dodging
 + Level 0.2 Stealth


You had 4 spell levels left.
You didn't know any spells.
Your spell library was empty.

Dungeon Overview and Level Annotations

Branches:
Dungeon (4/15)
 Temple: D:4-7

Altars:

Annotations:
D:4 Menkaure


Innate Abilities, Weirdness & Mutations

You are a tree.
Your roots penetrate the ground, keeping you stationary.
You cannot be teleported.
You are immune to unholy pain and torment.
Your maximum health is greatly increased.
Your equipment is partially melded.
You are too large for most types of armour.
((You have claws for hands.))
Your natural rate of healing is unusually fast.
((You are covered in fur. (AC +1)))
((You have tough skin. (AC +1)))


Message History

You barely miss Menkaure.
Menkaure is almost destroyed.
The yak gores you but does no damage. The yak gores you!
* * * LOW HITPOINT WARNING * * *
The yak gores you but does no damage.
You hit Menkaure but do no damage.
Menkaure is almost destroyed.
Menkaure hits you but does no damage. The yak gores you.
* * * LOW HITPOINT WARNING * * *
The yak gores you but does no damage. x2
Unknown command.
You hit Menkaure but do no damage.
Menkaure is almost destroyed.
Menkaure hits you but does no damage.
Unknown command.
You hit Menkaure but do no damage.
Menkaure is almost destroyed.
The yak gores you but does no damage. x2; The yak barely misses you.
Menkaure hits you but does no damage.
Unknown command.
You hit Menkaure but do no damage.
Menkaure is almost destroyed.
Unknown command.
As you read the scroll labelled ISSOIPLEURR, it crumbles to dust.
It is a scroll of identify.
l - 2 scrolls of teleportation Menkaure hits you.
* * * LOW HITPOINT WARNING * * *
The yak gores you.
* * * LOW HITPOINT WARNING * * *
The yak gores you.
* * * LOW HITPOINT WARNING * * *
The yak gores you.
* * * LOW HITPOINT WARNING * * *
It was a potion of resistance.
You feel protected. Menkaure hits you.
* * * LOW HITPOINT WARNING * * *
The yak gores you but does no damage. x3; Menkaure hits you!
You die...

##### ###...# #.....#
####.#...# #........#
......YY.# ########
...(....(M♣.###......##
..#......Y..##........##
...........#..........#
#.........#..........#
#.........#..........#
##
#.........#..........#
.. ##..................#
..# #..).....#........##
..### #
#........#........##


You could see 3 yaks and Menkaure (fast).

Vanquished Creatures
  A hound (D:4)
  A jelly (D:3)
  An iguana (D:3)
  3 adders
  2 worms
  6 dart slugs
  An orc (D:2)
  6 bats
  5 endoplasms
  9 giant cockroaches
  9 goblins
  4 hobgoblins
  4 ball pythons
  3 frilled lizards
  6 kobolds
  7 rats
68 creatures vanquished.

Vanquished Creatures (others)
  10 plants (D:3)
10 creatures vanquished.

Grand Total: 78 creatures vanquished

Notes
Turn   | Place    | Note
-------+----------+-------------------------------------------
     0 | D:1      | xian the Troll Gladiator began the quest for the Orb.
     0 | D:1      | Reached XP level 1. HP: 19/19 MP: 0/0
   191 | D:1      | Reached XP level 2. HP: 27/28 MP: 1/1
   392 | D:1      | Reached XP level 3. HP: 27/35 MP: 2/2
   909 | D:2      | Reached skill level 1 in Short Blades
  1130 | D:2      | Reached XP level 4. HP: 42/42 MP: 3/3
  1899 | D:3      | Found a faded altar of an unknown god.
  1958 | D:3      | Reached XP level 5. HP: 50/50 MP: 4/4
  2560 | D:4      | Noticed a yak
  2621 | D:4      | Noticed Menkaure
  2624 | D:4      | Noticed a yak
  2625 | D:4      | Noticed a yak
  2652 | D:4      | Mangled by Menkaure

Illustrated notes

Levels and vault maps discovered:
D:1:      dpeg_arrival_connections, layout_basic
D:2:      layout_basic, minmay_tromino_v4_c
D:3:      layout_basic, ebering_ecumenical_altar_petrified,
          serial_bayou_lagoon_b
D:4:      layout_rooms, minivault_1, dk_rats_in_the_wall, uniq_menkaure

Skill      XL: |  1  2  3  4 |
---------------+-------------+-----
Maces & Flails | 3 |  3.0
Short Blades   | 1 2 |  2.3
Throwing       | 2 |  2.4
Dodging        | 3 |  3.2
Fighting       | 2 |  2.4
Stealth        | |  0.2

Action                   |  1- 3 |  4- 6 || total
-------------------------+-------+-------++-------
Melee: Dagger            |   179 |   191 ||   370
       Flail             |     9 |       ||     9
       Punch             |     1 |     1 ||     2
Throw: Throwing net      |     3 |       ||     3
       Large rock        |     2 |     7 ||     9
       Dart              |       |     2 ||     2
  Use: Scroll            |     3 |     2 ||     5
       Potion            |       |     2 ||     2
 Stab: Sleeping          |       |     1 ||     1
Armor: Robe              |    49 |    56 ||   105
       Skin              |       |    27 ||    27
Dodge: Dodged            |    84 |    65 ||   149
